 Dungeon Crawl Stone Soup version 0.31.0-12-g77e489cdc1 (webtiles) character file.

Game seed: 5215458161446031208

60723 112233 the Black Belt (level 15, -2/114 HPs)
             Began as an Octopode Shapeshifter on Feb 16, 2024.
             Was an Initiate of Gozag.
             Slain by a troll (10 damage)
             ... on level 2 of the Orcish Mines.
             The game lasted 00:35:10 (26280 turns).

112233 the Black Belt (Octopode Shapeshifter)      Turns: 26280, Time: 00:35:10

Health: -2/114     AC:  1    Str: 21    XL:     15   Next: 0%
Magic:  15/15      EV: 30    Int: 12    God:    Gozag
Gold:   1417       SH:  0    Dex: 30    Spells: 14/14 levels left

rFire   . . .        n - melded +2 short sword (drain)
rCold   . . .        (shield currently unavailable)
rNeg    + + .        (helmet restricted)
rPois   .            (no amulet)
rElec   .            g - +6 ring of dexterity
rCorr   .            H - +6 ring of strength
SInv    +            m - ring of flight
Will    ++...        o - ring of positive energy
Stlth   ++           v - +6 ring of dexterity
HPRegen 0.39/turn    F - ring of positive energy
MPRegen 0.14/turn    G - ring of willpower
                     L - ring of see invisible

%: no passive effects
@: flux-form, flying, glowing, studying Fighting
A: glow, contaminating, almost no armour, amphibious, 8 rings, camouflage 1,
gelatinous body 1, (nimble swimmer 1), tentacles
a: Begin Untransformation, Renounce Religion, Potion Petition, Call Merchant,
Bribe Branch


You were on level 2 of the Orcish Mines.
You worshipped Gozag.
Gozag was most pleased with you.
You were something dangerously unstable.
You visited 5 branches of the dungeon, and saw 23 of its levels.
You also visited: Bailey.

You collected 5269 gold pieces.
You paid 3852 gold pieces to Gozag.

Inventory:

Hand Weapons
 l - a +0 quarterstaff
 n - a +2 short sword of draining (melded)
Missiles
 e - 10 curare-tipped darts (quivered)
 t - 40 poisoned darts
 y - 3 throwing nets
 U - 14 boomerangs
Armour
 E - a +0 kite shield
 P - a +2 buckler
 W - a +2 kite shield of protection
Jewellery
 a - a +6 ring of intelligence
 g - a +6 ring of dexterity (left tentacle)
 m - a ring of flight (on tentacle)
 o - a ring of positive energy (on tentacle)
 v - a +6 ring of dexterity (on tentacle)
 F - a ring of positive energy (on tentacle)
 G - a ring of willpower (on tentacle)
 H - a +6 ring of strength (right tentacle)
 J - a ring of resist corrosion
 L - a ring of see invisible (on tentacle)
 V - a +6 ring of intelligence
Talismans
 b - a beast talisman
 c - a flux talisman (active)
 T - a serpent talisman
Wands
 q - a wand of polymorph (11)
 x - a wand of roots (5)
Scrolls
 d - a scroll of amnesia
 f - 5 scrolls of teleportation
 i - 6 scrolls of fear
 j - a scroll of brand weapon
 p - 4 scrolls of revelation
 w - 6 scrolls of enchant armour
 I - 3 scrolls of torment
 K - 2 scrolls of fog
 N - 3 scrolls of enchant weapon
 Q - 5 scrolls of noise
 R - 4 scrolls of identify
Potions
 h - 2 potions of curing
 r - 3 potions of berserk rage
 s - 3 potions of attraction
 u - 3 potions of might
 z - 2 potions of haste
 A - a potion of enlightenment
 B - 3 potions of brilliance {unknown}
 C - a potion of resistance {unknown}
 D - 2 potions of heal wounds {unknown}
 O - a potion of magic {unknown}
 S - 2 potions of degeneration {unknown}
Miscellaneous
 k - a phantom mirror (inert)


   Skills:
 + Level 14.5 Fighting
 + Level 11.8 Dodging
 * Level 15.7 Unarmed Combat
 + Level 12.7 Shapeshifting


You had 14 spell levels left.
You didn't know any spells.
Your spell library contained the following spells:

 Spells                   Type           Power      Damage    Failure   Level
 Apportation              Tloc           0%         N/A       32%         1
 Magic Dart               Conj           0%         1d3       32%         1
 Blink                    Tloc           0%         N/A       45%         2
 Call Imp                 Summ           0%         N/A       45%         2
 Cigotuvi's Dreadful Rot  Necr/Alch/Air  0%         N/A       45%         2
 Jinxbite                 Hex            0%         N/A       45%         2
 Lesser Beckoning         Tloc           0%         N/A       45%         2
 Scorch                   Fire           0%         2d5       45%         2
 Searing Ray              Conj           0%         2d4       45%         2
 Sublimation of Blood     Necr           0%         N/A       45%         2
 Gell's Gravitas          Tloc           0%         N/A       69%         3
 Inner Flame              Hex/Fire       0%         N/A       69%         3
 Summon Ice Beast         Ice/Summ       0%         N/A       69%         3
 Teleport Other           Tloc           0%         N/A       69%         3
 Anguish                  Hex/Necr       0%         N/A       97%         4
 Cause Fear               Hex            0%         N/A       97%         4
 Dispel Undead            Necr           0%         3d6       97%         4
 Flame Wave               Conj/Fire      0%         2d4       97%         4
 Fulminant Prism          Conj/Alch      0%         3d5       97%         4
 Martyr's Knell           Necr/Summ      0%         N/A       97%         4
 Sticky Flame             Fire/Alch      0%         2d4       97%         4
 Summon Blazeheart Golem  Fire/Summ      0%         N/A       97%         4
 Vhi's Electric Charge    Tloc/Air       0%         N/A       97%         4
 Alistair's Intoxication  Alch           0%         N/A       100%        5
 Arcjolt                  Conj/Air       0%         1d10      100%        5
 Fireball                 Conj/Fire      0%         3d3       100%        5
 Summon Mana Viper        Hex/Summ       0%         N/A       100%        5
 Death Channel            Necr           0%         N/A       100%        6
 Summon Cactus Giant      Summ           0%         N/A       100%        6
 Enfeeble                 Hex            0%         N/A       100%        7
 Monstrous Menagerie      Summ           0%         N/A       100%        7
 Orb of Destruction       Conj           0%         9d5       100%        7
 Spellforged Servitor     Conj/Summ      0%         N/A       100%        7
 Summon Hydra             Summ           0%         N/A       100%        7
 Maxwell's Capacitive Co  Air            0%         ∞         100%        8
 Dragon's Call            Summ           0%         N/A       100%        9


Dungeon Overview and Level Annotations

Branches:
Dungeon (14/15)            Temple (1/1) D:6            Lair (5/5) D:11
 Shoals (0/4) Lair:2        Snake (1/4) Lair:3        Slime (0/5) Lair:4
    Orc (2/2) D:9          Vaults (0/5) D:14         Bailey (visited)
    Elf: Orc:2

Altars:
Ashenzari
Cheibriados
Dithmenos
Elyvilon
Fedhas
Gozag
Hepliaklqana
Kikubaaqudgha
Makhleb
Nemelex Xobeh
Okawaru
Qazlal
Ru
Sif Muna
Trog
Uskayaw
Vehumet
Wu Jian
Xom
Yredelemnul
Zin
The Shining One
Jiyva

Shops:
D:2 =   D:10 :

Annotations:
D:5 exclusion: downstairs
D:6 exclusion: oklob plant
D:8 4 runed translucent doors
D:11 3 runed translucent doors, exclusion: downstairs, Peloso's ghost, novice MiFi
Lair:1 exclusion: oklob plant
Lair:4 Sonja
Orc:1 4 transporters, exclusion: downstairs


Innate Abilities, Weirdness & Mutations

You are something dangerously unstable.
You glow with magical radiation, making you easy to see and hit.
Foes you strike become dangerously contaminated with magical radiation.
You are incapable of wielding weapons or throwing items.
You cannot wear most types of armour.
You are amphibious.
You can wear up to eight rings at the same time.
Your skin changes colour to match your surroundings (Stealth+).
Your rubbery body absorbs attacks. (AC +1, EV +1)
((You are camouflaged when in or above water. (Stealth+)))
You have tentacles for arms and can constrict up to eight enemies at once.


Message History

You see here a +0 dagger.
You now have 1417 gold pieces (gained 18).
You start resting.
You feel yourself speed up.
You start resting.
You recover from your berserk rage.
Things that are here:
a +0 giant club; a +0 giant club You start resting.
HP restored.
There is a stone staircase leading down, spattered with blood here.
Unknown command.
Unknown command.
There is a stone staircase leading down, spattered with blood here.
You fly downwards.
The ogre shouts!
The troll shouts!
The two-headed ogre shouts in stereo!
The orc shouts!
The troll shouts!
You hear a shout!
The troll bites you! The troll barely misses you. The troll claws you.
The orc wizard gestures wildly while chanting.
The orc wizard flickers and vanishes for a moment.
The ogre misses you. x2; The orc warrior throws a boomerang.
The boomerang barely misses you. The troll barely misses you.
The troll completely misses you. The troll misses you.
The kobold blastminer wields a +0 arbalest.
The kobold blastminer shoots a bolt.
The bolt misses you.
The bolt hits the troll!
An orc priest comes into view. It is wielding a +0 mace.
There is a stone staircase leading up, spattered with blood here.
Unknown command.
The kobold blastminer unwields a +0 arbalest.
The kobold blastminer misses you.
The ogre hits you with a +0 giant spiked club!!!
The ogre completely misses you. The troll bites you! The troll claws you! x2
* * * LOW HITPOINT WARNING * * *
The orc priest calls down the wrath of Beogh upon you.
Beogh smites you!
* * * LOW HITPOINT WARNING * * *
The troll bites you!
You die...
Your body crumbles into a pile of gold.

...# ........
..o..#.$K.... .
......#..... ..
...#....$.. ...
......#...# ....
.<....K...#.....
......ooK.......
...o.o$OpT......
.....oTOOT......
......o.........
......T....T....
o...............
........O....O..
.T.O............
................
...............


You could see a two-headed ogre, 3 kobold blastminers, 6 trolls, an orc warrior,
5 ogres, 3 orc priests, 2 orc wizards and an orc.

Vanquished Creatures
  Azrael (D:13)
  Fannar (Lair:2)
  Erolcha (D:10)
  Harold (Orc:1)
  An ogre mage (Orc:1)
  4 centaur warriors
  2 catoblepae
  A boulder beetle (Lair:5)
  2 tengu warriors
  10 two-headed ogres
  Nergalle (Orc:1)
  Amaemon (Lair:2)
  2 deep trolls
  2 skeletal warriors (D:14)
  An arcanist (D:13)
  A deep elf zephyrmancer (D:14)
  3 orc knights (D:14)
  4 deep elf pyromancers
  An orc sorcerer (Orc:1)
  3 manticores
  4 cyclopes
  6 elephants (Lair:2)
  2 kobold blastminers (Orc:1)
  3 black mambas
  A smoke demon (D:12)
  An orange demon (Lair:2)
  9 cane toads
  2 gargoyles
  2 unseen horrors
  6 komodo dragons
  A kobold demonologist (D:10)
  A freezing wraith (D:14)
  2 ice devils
  2 tengu conjurers
  5 trolls
  A wind drake (Lair:2)
  2 hornets
  3 polar bears (Lair:1)
  5 blink frogs (Lair:5)
  5 dream sheep (Lair:4)
  Sigmund (D:3)
  4 shadows
  2 wyverns
  7 wraiths
  A vampire (D:11)
  19 yaks
  6 basilisks
  A steam dragon (D:9)
  2 fire elementals (D:13)
  4 vampire mosquitoes
  Menkaure (D:5)
  A warg (Orc:1)
  A naga (Snake:1)
  2 two-headed ogre zombies (D:9)
  An acid dragon (D:11)
  13 water moccasins
  5 hell hounds (D:13)
  A black bear (Lair:3)
  A swamp drake (D:4)
  2 ice beasts
  18 orc warriors
  25 wolves
  A crocodile (shapeshifter) (D:13)
  16 ogres
  16 centaurs
  4 kobold brigands
  A phantom (D:9)
  Blork the orc (D:4)
  8 bullfrogs
  A gnoll sergeant (D:8)
  3 scorpions
  8 wights
  2 troll zombies (D:9)
  8 killer bees
  A howler monkey (D:6)
  A bombardier beetle (D:4)
  3 crimson imps (D:12)
  10 jellies
  A sleepcap (D:7)
  A hound (D:4)
  13 orc priests
  A gnoll bouda (D:8)
  2 iguanas
  Terence (D:2)
  Ijyb (D:3)
  Natasha (thrice) (D:4)
  10 orc wizards
  4 ogre zombies (D:9)
  12 gnolls
  6 adders
  5 white imps
  4 ufetubi
  3 ribbon worms
  65 orcs
  6 ball pythons
  7 bats
  17 endoplasms
  3 giant cockroaches
  5 gnoll zombies (D:9)
  8 goblins
  16 hobgoblins
  6 jackals
  5 quokkas
  5 frilled lizards
  3 gnoll skeletons (D:9)
  16 kobolds
  2 orc skeletons (D:9)
  15 orc zombies (D:9)
  6 rats
560 creatures vanquished.

Vanquished Creatures (collateral kills)
  An orc warlord (Orc:1)
  2 hydras
3 creatures vanquished.

Vanquished Creatures (others)
  A crimson imp (D:12)
  An orc wizard (Orc:2)
2 creatures vanquished.

Grand Total: 565 creatures vanquished

Notes
Turn   | Place    | Note
-------+----------+-------------------------------------------
     0 | D:1      | 112233 the Octopode Shapeshifter began the quest for the
                  | Orb.
     0 | D:1      | Reached XP level 1. HP: 13/13 MP: 1/1
   114 | D:1      | Reached XP level 2. HP: 17/18 MP: 2/2
   402 | D:1      | Reached XP level 3. HP: 22/23 MP: 3/3
  1024 | D:2      | Reached XP level 4. HP: 18/28 MP: 4/4
  1183 | D:2      | Noticed Terence
  1204 | D:2      | Killed Terence
  1205 | D:2      | Reached skill level 5 in Shapeshifting
  1446 | D:2      | Reached XP level 5. HP: 33/33 MP: 5/5
  1688 | D:2      | Found Qyrcheb's Jewellery Emporium.
  2070 | D:3      | Reached XP level 6. HP: 31/38 MP: 6/6
  2326 | D:3      | Noticed Sigmund
  2329 | D:3      | Killed Sigmund
  2670 | D:4      | Noticed a water moccasin
  2675 | D:4      | Killed a water moccasin
  2676 | D:4      | Reached XP level 7. HP: 28/43 MP: 7/7
  2778 | D:4      | Found a shimmering altar of Xom.
  2906 | D:3      | Noticed Ijyb
  2914 | D:3      | Killed Ijyb
  3251 | D:4      | Found an ornate altar of the Wu Jian Council.
  3278 | D:4      | Noticed Natasha
  3283 | D:4      | Killed Natasha
  3362 | D:4      | Noticed Blork the orc
  3371 | D:4      | Killed Blork the orc
  3441 | D:4      | Noticed Natasha
  3451 | D:4      | Killed Natasha
  3527 | D:4      | Reached skill level 4 in Unarmed Combat
  3527 | D:4      | Reached XP level 8. HP: 27/51 MP: 8/8
  3629 | D:4      | Noticed Edmund
  3631 | D:4      | Edmund changed into Edmund the swamp drake
  3631 | D:4      | Noticed Edmund
  3638 | D:4      | Killed Edmund the swamp drake
  4176 | D:4      | Noticed Natasha
  4181 | D:4      | Killed Natasha
  4312 | D:5      | Entered Level 5 of the Dungeon
  5522 | D:6      | Reached skill level 5 in Unarmed Combat
  5706 | D:5      | Noticed Menkaure
  5713 | D:5      | Killed Menkaure
  5714 | D:5      | Reached XP level 9. HP: 59/59 MP: 9/9
  5731 | D:5      | Found a glowing silver altar of Zin.
  5954 | D:6      | Found a staircase to the Ecumenical Temple.
  5966 | Temple   | Entered the Ecumenical Temple
  5974 | Temple   | Became a worshipper of Gozag Ym Sagoz the Greedy
  6184 | D:6      | Reached skill level 5 in Dodging
  6502 | D:6      | Found a stormy altar of Qazlal.
  6509 | D:6      | Found a blossoming altar of Fedhas.
  6582 | D:6      | Noticed an oklob plant
  6684 | D:7      | Reached skill level 5 in Fighting
  6908 | D:7      | Found a white marble altar of Elyvilon.
  6992 | D:7      | Found an iron altar of Okawaru.
  7193 | D:6      | Reached skill level 6 in Unarmed Combat
  7284 | D:6      | HP: 2/61 [acid (10)]
  8076 | D:8      | Found a large runed translucent door.
  8080 | D:8      | Noticed a centaur warrior
  8081 | D:8      | Found a large runed translucent door.
  8081 | D:8      | Noticed a cyclops
  8099 | D:8      | Noticed a centaur warrior
  8107 | D:8      | Killed a centaur warrior
  8108 | D:8      | Reached skill level 7 in Unarmed Combat
  8256 | D:8      | Found a large runed translucent door.
  8256 | D:8      | Found a large runed translucent door.
  8272 | D:8      | Reached XP level 10. HP: 68/68 MP: 10/10
  8346 | D:8      | Noticed a centaur warrior
  8360 | D:8      | Killed a centaur warrior
  8961 | D:8      | Reached skill level 8 in Unarmed Combat
  9731 | D:8      | Found an ancient bone altar of Kikubaaqudgha.
  9733 | D:8      | Found a glowing golden altar of the Shining One.
 10029 | D:9      | Found a staircase to the Orcish Mines.
 10220 | D:9      | Reached skill level 9 in Unarmed Combat
 10599 | D:9      | Reached XP level 11. HP: 75/75 MP: 11/11
 10957 | D:9      | Found a broken altar of Ashenzari.
 11018 | D:9      | Found a sacrificial altar of Ru.
 11290 | D:9      | Identified the +0 pair of boots of Greater Demons {Will++
                  | Dex+7}
 11344 | D:10     | Entered Level 10 of the Dungeon
 11384 | D:10     | Found a flagged portal.
 11394 | Bailey   | Entered a bailey
 12329 | Bailey   | Reached skill level 10 in Unarmed Combat
 12756 | Bailey   | Reached skill level 10 in Shapeshifting
 13345 | D:10     | Found a shadowy altar of Dithmenos.
 13380 | D:10     | Noticed a two-headed ogre
 13397 | D:10     | Killed a two-headed ogre
 13440 | D:10     | Found Iful's Book Shoppe.
 14018 | D:10     | Noticed Erolcha
 14033 | D:10     | Killed Erolcha
 14034 | D:10     | Reached skill level 11 in Unarmed Combat
 14034 | D:10     | Reached XP level 12. HP: 68/84 MP: 12/12
 14186 | D:11     | Found a runed translucent gate.
 14186 | D:11     | Found a runed translucent gate.
 14219 | D:11     | Noticed a two-headed ogre
 14228 | D:11     | Killed a two-headed ogre
 15192 | D:11     | Found a staircase to the Lair.
 15209 | D:11     | Found a runed translucent gate.
 15214 | D:11     | Noticed Peloso's ghost (novice MiFi)
 15939 | D:12     | Noticed a two-headed ogre
 15952 | D:12     | Killed a two-headed ogre
 15953 | D:12     | Reached skill level 10 in Fighting
 15958 | D:12     | Reached skill level 12 in Unarmed Combat
 16524 | D:13     | Noticed a tengu warrior
 16527 | D:13     | Noticed a tengu warrior
 16535 | D:12     | Killed a tengu warrior
 16779 | D:13     | Killed a tengu warrior
 16885 | D:13     | Reached XP level 13. HP: 54/95 MP: 13/13
 17212 | D:13     | Noticed Azrael
 17234 | D:13     | Killed Azrael
 17235 | D:13     | Reached skill level 13 in Unarmed Combat
 17248 | D:13     | Reached skill level 10 in Dodging
 18027 | D:13     | You are sucked into a shaft and drop 1 floor!
 18890 | D:14     | Found a gate to the Vaults.
 20045 | Lair:1   | Entered Level 1 of the Lair of Beasts
 20228 | D:11     | Reached skill level 14 in Unarmed Combat
 20649 | Lair:1   | Found a blossoming altar of Fedhas.
 21178 | Lair:2   | Noticed Amaemon
 21211 | Lair:2   | Killed Amaemon
 21413 | Lair:2   | Reached XP level 14. HP: 104/104 MP: 14/14
 22133 | Lair:2   | Noticed Fannar
 22146 | Lair:2   | Killed Fannar
 22384 | Lair:2   | Found a staircase to the Shoals.
 22831 | Lair:3   | You are sucked into a shaft and drop 1 floor!
 22831 | Lair:4   | Found a viscous altar of Jiyva.
 22831 | Lair:4   | Found a staircase to the Slime Pits.
 23052 | Lair:5   | Entered Level 5 of the Lair of Beasts
 23312 | Lair:3   | Reached skill level 15 in Unarmed Combat
 23844 | Lair:3   | Found a staircase to the Snake Pit.
 24419 | Lair:4   | Noticed Sonja
 24445 | Snake:1  | Entered Level 1 of the Snake Pit
 24737 | Orc:1    | Entered Level 1 of the Orcish Mines
 24952 | Orc:1    | Noticed Nergalle
 24955 | Orc:1    | Found an ornate altar of the Wu Jian Council.
 24955 | Orc:1    | Found a transporter.
 24983 | Orc:1    | Killed Nergalle
 25340 | Orc:1    | Noticed Harold
 25349 | Orc:1    | Killed Harold
 25412 | Orc:1    | Found a transporter.
 25419 | Orc:1    | Found a transporter.
 25441 | Orc:1    | Found a transporter.
 25442 | Orc:1    | Found an ornate altar of the Wu Jian Council.
 25442 | Orc:1    | Noticed an orc warlord
 25608 | Orc:2    | Entered Level 2 of the Orcish Mines
 26003 | Orc:2    | Noticed an orc warlord
 26065 | Orc:1    | Killed an orc warlord
 26191 | Orc:1    | Reached XP level 15. HP: 114/114 MP: 15/15
 26280 | Orc:2    | Slain by a troll

Illustrated notes

Levels and vault maps discovered:
D:1:      evilmike_arrival_crescent, layout_basic, minmay_octomino_c4
D:2:      layout_rooms, serial_shops, nicolae_shop_behind_doors, serial_bayou,
          serial_bayou_crossing, serial_bayou_pond_b, serial_bayou_lagoon_b,
          serial_bayou_lagoon_a, uniq_terence
D:3:      layout_loops_corners, uniq_sigmund, uniq_ijyb
D:4:      layout_loops_ring, dk_xom_monty_hall, nzn_wu_jian_contemplation,
          uniq_edmund, uniq_blork_the_orc, uniq_natasha
D:5:      layout_layer_cave, kennysheep_mini_moat, serial_rivers,
          chequers_serial_rivers_small_3, chequers_serial_rivers_micro_c,
          chequers_serial_rivers_micro_e, chequers_serial_rivers_micro_c,
          chequers_serial_rivers_room_b, uniq_menkaure
D:6:      lemuel_slime, layout_cave_pools,
          grunt_temple_overflow_forces_of_nature, minmay_temple_entry_waves
D:7:      layout_rooms, lemuel_doored_altar, mainiacjoe_overflow_24_doors
D:8:      layout_loops_cross, minitemple, minmay_hollow_rounded_squares
D:9:      layout_loops_cross, nicolae_ru_the_path_less_chosen,
          cheibrodos_ashenzari_chains, zombieorc2_lemuel,
          lightli_fourway_metalbox
D:10:     layout_rooms, nicolae_dithmenos_the_darkroom, serial_glass,
          glass_columns_a, glass_columns_b, item_on_display_a, enter_bailey_8,
          serial_shops, shop, minmay_misc_feat_tower, uniq_erolcha
D:11:     layout_long_grid, lair_entry_dummy, special_room [special_room_orc],
          gammafunk_ghost_necromancy
D:12:     layout_cave_pools, minmay_fire_ice_demons
D:13:     layout_rooms, uniq_azrael
D:14:     layout_gridville, david_vaults_1, hex_medium, drop_trap
Temple:   hellmonk_temple_rainy
Lair:1:   layout_regular_city, tgw_fedhas
Lair:2:   dreamdust_isle_of_ice, layout_gridlike, minmay_shoals_entry_beasts,
          st_stairs_12, uniq_fannar, uniq_amaemon
Lair:3:   layout_misc_corridors, dummy_snake_entry, grunt_megastairs_3
Lair:4:   layout_cellular_growth, slime_entry_1, uniq_sonja
Lair:5:   grunt_lair_end_beastmaster, layout_hall_layers
Snake:1:  layout_gridlike, nicolae_snake_snakes_in_the_grass
Orc:1:    dreamdust_wu_jian_sword_trials, layout_caves, uniq_nergalle,
          uniq_harold
Orc:2:    st_orc_open, layout_caves, uniq_jorgrun

Skill      XL: |  1  2  3  4  5  6  7  8  9 10 11 12 13 14 |
---------------+-------------------------------------------+-----
Shapeshifting  | 4 5 6 7 8 9 10 11 12 | 12.7
Fighting       | 2 4 5 7 8 11 12 14 | 14.5
Dodging        | 3 4 6 7 8 9 10 11 | 11.8
Unarmed Combat | 4 5 7 9 11 12 14 15 | 15.7

Action                     |  1- 3 |  4- 6 |  7- 9 | 10-12 | 13-15 || total
---------------------------+-------+-------+-------+-------+-------++-------
  Melee: Unarmed           |    78 |    16 |     2 |   638 |   545 ||  1279
         Constrict         |    20 |    20 |    42 |   119 |   111 ||   312
         Tentacles         |    12 |    19 |    60 |   227 |   221 ||   539
         Punch             |     2 |       |     6 |     3 |       ||    11
         Quarterstaff      |       |     8 |       |       |       ||     8
         Short sword       |       |    76 |   224 |    30 |       ||   330
 Invoke: Potion Petition   |       |       |     1 |     2 |     7 ||    10
  Evoke: Wand              |       |       |     1 |     4 |    16 ||    21
         Phantom mirror    |       |       |       |       |     3 ||     3
    Use: Potion            |       |     1 |     2 |     1 |     1 ||     5
         Scroll            |       |       |       |    14 |    10 ||    24
   Stab: Sleeping          |    11 |     7 |    10 |     3 |       ||    31
         Distracted        |       |     1 |     1 |     6 |     2 ||    10
         Invisible         |       |       |       |     6 |     4 ||    10
         Held in net/web   |       |       |       |     1 |       ||     1
 Armour: Skin              |    32 |    46 |    83 |   182 |   153 ||   496
  Dodge: Dodged            |    42 |    51 |   142 |   620 |   586 ||  1441
   Form: Flux              |       |       |       |     1 |       ||     1
